 Dungeon Crawl Stone Soup version 0.30.0 (webtiles) character file.

Game seed: 1170248600057964828

101 Persephone the Chopper (level 4, -3/28 HPs)
             Began as a Gargoyle Fighter on May 6, 2023.
             Slain by a cerulean imp
             ... wielding a +0 spear
             ... summoned by Natasha
              (4 damage)
             ... on level 2 of the Dungeon.
             The game lasted 00:02:05 (1097 turns).

Persephone the Chopper (Gargoyle Fighter)           Turns: 1097, Time: 00:02:06

Health: -3/28      AC: 10    Str: 21    XL:     4   Next: 75%
Magic:  4/4        EV:  8    Int:  9    God:
Gold:   103        SH:  7    Dex:  9    Spells: 3/3 levels left

rFire   + . .        a - +0 war axe
rCold   . . .        h - +0 kite shield
rNeg    + . .        b - +0 scale mail
rPois   ∞            (no helmet)
rElec   +            (no cloak)
rCorr   .            (no gloves)
SInv    .            (no boots)
Will    .....        (no amulet) Stlth
                     e - ring of protection from fire
HPRegen 0.24/turn    (no ring)
MPRegen 0.09/turn

%: no passive effects
@: no status effects
A: sickness immunity, AC +3, negative energy resistance 1, electricity
resistance, torment resistance 1, petrification resistance
a: no special abilities


You were on level 2 of the Dungeon.
You visited 1 branch of the dungeon, and saw 2 of its levels.

You collected 103 gold pieces.

Inventory:

Hand Weapons
 a - a +0 war axe (weapon)
Armour
 b - a +0 scale mail (worn)
 c - a +0 buckler
 h - a +0 kite shield (worn)
Jewellery
 e - a ring of protection from fire (left hand)
 j - a +4 ring of slaying
Scrolls
 l - a scroll of identify {unknown}
Potions
 d - 2 potions of might
 f - a potion of degeneration {unknown}
 g - a potion of lignification {unknown}
 i - a potion of invisibility {unknown}
 k - a potion of attraction {unknown}


   Skills:
 - Level 3.3 Fighting
 + Level 4.3 Axes
 - Level 3.3 Armour
 - Level 3.3 Shields


You had 3 spell levels left.
You didn't know any spells.
Your spell library contained the following spells:

 Spells                   Type           Power      Damage    Failure   Level
 Magic Dart               Conj           0%         1d3       95%         1
 Call Imp                 Summ           0%         N/A       98%         2
 Mephitic Cloud           Conj/Pois/Air  0%         N/A       100%        3
 Stone Arrow              Conj/Erth      0%         3d7       100%        3
 Animate Armour           Summ/Erth      0%         N/A       100%        4
 Lehudib's Crystal Spear  Conj/Erth      0%         10d2      100%        8


Dungeon Overview and Level Annotations

Branches:
Dungeon (2/15)

Altars:
Dithmenos

Annotations:
D:2 Natasha


Innate Abilities, Weirdness & Mutations

You are immune to sickness and miasma.
Your stone body is resilient. (AC +3)
You are immune to poison.
You resist negative energy. (rN+)
You are resistant to electric shocks. (rElec)
You are resistant to unholy torment.
You are immune to petrification.


Message History

Natasha stares at you and mumbles some strange words.
The magic dart hits you. The cerulean imp barely misses you. Natasha claws you!
You are too injured to fight recklessly!
You are too injured to fight recklessly!
You are too injured to fight recklessly!
You are too injured to fight recklessly!
You are too injured to fight recklessly!
You are too injured to fight recklessly!
You are too injured to fight recklessly!
You are too injured to fight recklessly!
You are too injured to fight recklessly!
You are too injured to fight recklessly!
You are too injured to fight recklessly!
You are too injured to fight recklessly!
You are too injured to fight recklessly!
You are too injured to fight recklessly!
You are too injured to fight recklessly!
You are too injured to fight recklessly!
You are too injured to fight recklessly!
You are too injured to fight recklessly!
You are too injured to fight recklessly!
You slash Natasha!
Natasha is severely wounded.
You block Natasha's attack. The cerulean imp barely misses you.
Natasha claws you! You block the cerulean imp's attack.
You barely miss Natasha.
Natasha is severely wounded.
Natasha claws you!
* * * LOW HITPOINT WARNING * * *
The cerulean imp hits you but does no damage.
Natasha claws you but does no damage.
You barely miss Natasha.
Natasha is severely wounded.
Natasha claws you.
* * * LOW HITPOINT WARNING * * *
The cerulean imp hits you from afar with a +0 spear.
* * * LOW HITPOINT WARNING * * *
Natasha mumbles some strange words.
The cerulean imp hits you from afar with a +0 spear.
You die...

#...#### #.......#...###.
#......# #.......#.....<.
#...##.# ##.######..####.
#.####.# #.# #..####. #.#
#[# #÷# #....... #.# #.#
###.# #.####.. #.# #.#
#55.# #.# ##. #.#
#.#####h### #.#####.
####.## #.##..@.# #.......
#.....###.##.#### ########.
#.....##...#.######
#...#####
#......)..).÷.)...###
#........
#.....##..÷#.##.....#
#...#####
#.....###.##.##.....####.##
#
###..####.##.##.......##.#
# #........##.##.....#.##.#
# #.#..#####...#.....#.##.#
#


You could see Natasha (fast) and 2 cerulean imps.

Vanquished Creatures
  Natasha (twice) (D:2)
  A worm (D:2)
  3 dart slugs (D:1)
  4 endoplasms
  A giant cockroach (D:2)
  5 goblins
  4 hobgoblins
  3 jackals (D:2)
  2 quokkas (D:1)
  2 ball pythons
  4 bats
  A frilled lizard (D:2)
  3 kobolds (D:2)
  4 rats
39 creatures vanquished.

Notes
Turn   | Place    | Note
-------+----------+-------------------------------------------
     0 | D:1      | Persephone the Gargoyle Fighter began the quest for the
                  | Orb.
     0 | D:1      | Reached XP level 1. HP: 14/14 MP: 1/1
    73 | D:1      | Reached skill level 2 in Axes
    84 | D:1      | Reached XP level 2. HP: 19/19 MP: 2/2
   491 | D:1      | Found a shadowy altar of Dithmenos.
   546 | D:2      | Reached skill level 3 in Axes
   548 | D:2      | Reached XP level 3. HP: 23/23 MP: 3/3
   761 | D:2      | Noticed Natasha
   771 | D:2      | Killed Natasha
   772 | D:2      | Reached XP level 4. HP: 17/28 MP: 4/4
   827 | D:2      | Reached skill level 4 in Axes
   831 | D:2      | Noticed Natasha
   845 | D:2      | Killed Natasha
  1089 | D:2      | Noticed Natasha
  1097 | D:2      | HP: 1/28 [cerulean imp/+0 spear[Natasha] (1)]
  1097 | D:2      | Slain by a cerulean imp

Illustrated notes

Levels and vault maps discovered:
D:1:      dpeg_arrival_water_altar, layout_rooms
D:2:      layout_loops_ring, uniq_natasha

Skill      XL: |  1  2  3  4 |
---------------+-------------+-----
Axes           | 2 3 4 |  4.3
Fighting       | |  3.3
Armour         | |  3.3
Shields        | |  3.3

Action                     |  1- 3 |  4- 6 || total
---------------------------+-------+-------++-------
  Melee: War axe           |   106 |    21 ||   127
    Use: Scroll            |     2 |       ||     2
 Armour: Scale mail        |    79 |    12 ||    91
  Dodge: Dodged            |    70 |    14 ||    84
  Block: Buckler           |    26 |     1 ||    27
         Kite shield       |       |     2 ||     2
